 Dungeon Crawl Stone Soup version 0.31.0-4-g52a2dc7128 (webtiles) character file.

Game seed: 16724503595702319372

58 SnakkuSnakku7 the Ducker (level 4, -1/34 HPs)
             Began as a Merfolk Earth Elementalist on Jan 22, 2024.
             Was a Believer of Fedhas.
             Killed from afar by an orc wizard (8 damage)
             ... with a puff of flame
             ... on level 3 of the Dungeon.
             The game lasted 00:03:33 (2247 turns).

SnakkuSnakku7 the Ducker (MfEE)                     Turns: 2247, Time: 00:03:33

Health: -1/34      AC:  6    Str:  8    XL:     4   Next: 1%
Magic:  7/7        EV:  8    Int: 14    God:    Fedhas [**....]
Gold:   63         SH:  0    Dex: 16    Spells: 6/7 levels left

rFire   . . .        a - +0 falchion
rCold   . . .        (no shield)
rNeg    . . .        h - +0 scale mail
rPois   .            (no helmet)
rElec   .            (no cloak)
rCorr   .            (no gloves)
SInv    .            (no boots)
Will    .....        (no amulet)
Stlth   +            (no ring)
HPRegen 0.25/turn    (no ring)
MPRegen 0.10/turn

%: no passive effects
@: no status effects
A: (nimble swimmer 2), mertail
a: Renounce Religion, Wall of Briars


You were on level 3 of the Dungeon.
You worshipped Fedhas.
Fedhas was pleased with you.
You visited 1 branch of the dungeon, and saw 3 of its levels.

You collected 63 gold pieces.

Inventory:

Hand Weapons
 a - a +0 falchion (weapon)
 c - a +0 club
 f - a +0 whip
 m - a +0 short sword
Armour
 h - a +0 scale mail (worn)
 q - a +0 robe
Magical Staves
 g - a staff of death
Scrolls
 e - 2 scrolls of blinking {unknown}
 i - a scroll of enchant weapon {unknown}
 j - a scroll of teleportation {unknown}
 o - a scroll of identify {unknown}
 p - a scroll of acquirement {unknown}
Potions
 b - a potion of magic
 k - a potion of mutation {unknown}
 n - 2 potions of attraction {unknown}


   Skills:
 - Level 2.5 Fighting
 + Level 1.7 Long Blades
 - Level 2.6 Dodging
 - Level 2.1 Stealth
 - Level 2.0 Spellcasting
 - Level 0.7 Conjurations
 - Level 2.4 Earth Magic
 - Level 1.8 Invocations


You had 6 spell levels left.
You knew the following spells:

 Your Spells              Type           Power      Damage    Failure   Level
a - Sandblast             Erth           16%        2d6       67%         1

Your spell library contained the following spells:

 Spells                   Type           Power      Damage    Failure   Level
 Passwall                 Erth           8%         N/A       95%         3
 Stone Arrow              Conj/Erth      10%        3d7       98%         3
 Brom's Barrelling Bould  Conj/Erth      5%         2d3       100%        4
 Petrify                  Alch/Erth      4%         N/A       100%        4


Dungeon Overview and Level Annotations

Branches:
Dungeon (3/15)

Altars:
Fedhas

Shops:
D:1 =

Annotations:
D:2 Terence


Innate Abilities, Weirdness & Mutations

((You are very nimble when in or above water. (Stealth+, EV+, Speed+++)))
Your lower body shifts to a powerful aquatic tail in water.


Message History

You bump into the rock wall.
You hear some strange, mumbled words.
You are more confused.
You miss something. Something hits you.
You bump into the rock wall.
Something hits you but does no damage.
You bump into the rock wall.
Something hits you.
You bump into the rock wall.
Something hits you but does no damage.
You bump into the rock wall.
Something hits you but does no damage.
You bump into the rock wall.
Something hits you but does no damage.
You bump into the rock wall.
You feel less confused.
You hear some strange, mumbled words.
Something tries to affect you, but you resist.
Something hits you but does no damage.
Aiming: Charm
Press: ? - help, Shift-Dir - straight line Nothing appears to happen.
Something hits you but does no damage.
Aiming: Charm
Press: ? - help, Shift-Dir - straight line Nothing appears to happen.
Something hits you.
Unknown command.
Aiming: Charm
Press: ? - help, Shift-Dir - straight line Nothing appears to happen.
The now-empty wand crumbles to dust.
Something hits you.
Unknown command.
You aren't carrying any items that you can evoke.
As you read the scroll labelled HIEKKE YHUSUHO, it crumbles to dust.
Your body is wracked with pain!
* * * LOW HITPOINT WARNING * * *
Something is bathed in an unholy light!
The orc convulses!
It was a scroll of torment.
Something hits you but does no damage.
Unknown command.
You aren't carrying any items that you can evoke.
Unknown command.
You hear some strange, mumbled words.
A puff of flame appears from out of thin air!
The puff of flame hits you!
You die...
Fedhas appreciates your contribution to the ecosystem.

.. #. #. #. #.
o.######## ###
.o.##.o..# #<#
#.##.##.#######@#
#o##.##.)...o{..#
#{){.############
######


You could see an orc.

Vanquished Creatures
  An adder (D:2)
  A ribbon worm (D:2)
  An orc (D:3)
  4 ball pythons
  2 bats
  5 endoplasms
  A giant cockroach (D:2)
  3 goblins
  3 hobgoblins
  5 jackals
  5 kobolds
  2 quokkas
  2 frilled lizards
  3 rats
38 creatures vanquished.

Vanquished Creatures (collateral kills)
  A bat (D:2)
1 creature vanquished.

Vanquished Creatures (others)
  An orc (D:3)
1 creature vanquished.

Grand Total: 40 creatures vanquished

Notes
Turn   | Place    | Note
-------+----------+-------------------------------------------
     0 | D:1      | SnakkuSnakku7 the Merfolk Earth Elementalist began the
                  | quest for the Orb.
     0 | D:1      | Reached XP level 1. HP: 13/13 MP: 3/3
   191 | D:1      | Reached skill level 1 in Fighting
   256 | D:1      | Reached XP level 2. HP: 22/22 MP: 5/5
   409 | D:1      | Found a faded altar of an unknown god.
   686 | D:1      | Prayed at the altar of an unknown god.
   686 | D:1      | Became a worshipper of Fedhas Madash
   686 | D:1      | Reached * piety under Fedhas
   828 | D:1      | Found Zexunum's Jewellery Emporium.
  1111 | D:2      | Identified the +4 barding of Poor Excuses {Dex+3 Slay+2}
  1179 | D:2      | Reached XP level 3. HP: 26/28 MP: 6/6
  1188 | D:2      | Noticed Terence
  1221 | D:1      | Reached skill level 1 in Invocations
  1643 | D:2      | Reached ** piety under Fedhas
  1685 | D:2      | Reached skill level 1 in Long Blades
  2186 | D:3      | Reached XP level 4. HP: 32/34 MP: 7/7
  2247 | D:3      | Killed from afar by an orc wizard

Illustrated notes

Levels and vault maps discovered:
D:1:      beargit_arrival_diablo_church, layout_loops_ring, serial_shops,
          nicolae_shop_tiny_glass, dreamdust_ecumenical_altar_hidden_monk_grotto
D:2:      layout_basic, minmay_misc_feat_tiny, uniq_terence
D:3:      layout_basic, lemuel_crystal_altar, nicolae_gozag_zags_fifth_avenue,
          serial_shops, shop, nrook_campfire

Skill      XL: |  1  2  3 |
---------------+----------+-----
Fighting       | 1 2 |  2.5
Invocations    | 1 |  1.8
Long Blades    | 1 |  1.7
Dodging        | |  2.6
Stealth        | |  2.1
Spellcasting   | |  2.0
Conjurations   | |  0.7
Earth Magic    | |  2.4

Action                     |  1- 3 |  4- 6 || total
---------------------------+-------+-------++-------
  Melee: Club              |     9 |       ||     9
         Whip              |    63 |       ||    63
         Short sword       |    58 |       ||    58
         Falchion          |    28 |    10 ||    38
         Punch             |     1 |     1 ||     2
   Cast: Sandblast         |    12 |       ||    12
  Evoke: Wand              |     1 |     5 ||     6
    Use: Potion            |     3 |       ||     3
         Scroll            |       |     1 ||     1
   Stab: Sleeping          |     5 |       ||     5
 Armour: Robe              |   103 |       ||   103
         Scale mail        |       |    21 ||    21
  Dodge: Dodged            |   147 |     2 ||   149
